Map: Fields of Death

Players

PiPuxD

  • Race: Protoss Protoss
  • League: Gold
  • Spawn Location: 12:00

MattBarry

  • Race: Zerg Zerg
  • League: Gold
  • Spawn Location: 12:00

sergyo - Winner!

  • Race: Protoss Protoss
  • Spawn Location: 7:00

CheGevara - Winner!

  • Race: Protoss Protoss
  • Spawn Location: 6:00

VOD

Have the link to the VOD?

Description

Time

  • Played on: Feb. 11, 2023, 3:32 a.m.
  • Length: 16:51
Show
View Real Time Build Order
Export as new Build Order

PiPuxD Protoss 

Build Orders:  

Get SALT Encoding   

  12  0:00  Probe  
  13  0:12  Probe  
  14  0:18  Pylon  
  14  0:24  Probe  
  15  0:38  Gateway, Probe (Chrono Boost)  
  17  0:50  Assimilator, Probe (Chrono Boost)  
  17  0:56  Probe (Chrono Boost)  
  18  1:04  Probe  
  19  1:17  Probe  
  19  1:18  Pylon  
  20  1:29  Probe  
  21  1:42  Forge  
  21  1:45  Zealot  
  23  2:08  Cybernetics Core  
  23  2:16  Pylon  
  23  2:18  Probe  
  24  2:32  Pylon  
  24  2:34  Probe  
  24  2:35  Photon Cannon  
  25  2:37  Photon Cannon  
  25  2:53  Photon Cannon  
  25  2:55  Photon Cannon  
  25  2:58  Pylon  
  23  3:00  Shield Battery  
  23  3:02  Probe  
  24  3:14  Probe  
  25  3:35  Stalker (Chrono Boost)  
  27  3:44  Photon Cannon  
  27  3:50  Nexus  
  27  4:03  Stalker (Chrono Boost)  
  27  4:05  Shield Battery  
  29  4:26  Stalker  
  29  4:30  Probe  
  32  4:42  Probe  
  33  4:54  Probe  
  33  4:55  Assimilator  
  33  4:56  Stalker  
  36  5:11  Probe  
  37  5:20  Nexus  
  37  5:22  Pylon  
  37  5:23  Probe  
  37  5:26  Pylon  
  37  5:27  Assimilator  
  38  5:43  Assimilator  
  38  5:45  Protoss Ground Weapons Level 1 (Chrono Boost)  
  38  5:49  Warp Gate (Chrono Boost)  
  38  5:53  Stalker  
  38  5:54  Probe x2  
  42  6:04  Gateway  
  42  6:06  Probe x2  
  42  6:07  Robotics Facility  
  42  6:08  Gateway  
  44  6:13  Assimilator  
  44  6:15  Assimilator  
  44  6:18  Probe x2  
  45  6:33  Probe x2  
  45  6:35  Stalker  
  49  6:44  Probe  
  49  6:45  Probe x2  
  52  6:53  Twilight Council  
  52  6:54  Observer  
  52  6:56  Stalker x2, Probe  
  52  6:57  Probe  
  59  7:02  Probe  
  59  7:08  Probe  
  61  7:15  Probe x2  
  63  7:18  Immortal  
  63  7:20  Blink (Chrono Boost), Probe  
  68  7:27  Protoss Ground Armor Level 1 (Chrono Boost), Probe x2  
  68  7:28  Forge  
  68  7:29  Pylon  
  70  7:31  Pylon  
  70  7:39  Probe x2  
  70  7:40  Probe  
  73  7:48  Stalker  
  75  7:51  Probe x2  
  77  8:02  Robotics Bay  
  77  8:07  Immortal  
  77  8:08  Probe x2  
  77  8:09  Probe  
  84  8:14  Assimilator  
  84  8:17  Protoss Ground Weapons Level 2 (Chrono Boost)  
  84  8:19  Assimilator  
  84  8:26  Stalker x3  
  90  8:32  Probe x3  
  93  8:44  Probe x2  
  93  8:46  Disruptor (Chrono Boost)  
  95  8:52  Stalker x3  
  104  9:03  Pylon  
  104  9:05  Pylon  
  104  9:07  Pylon  
  104  9:12  Disruptor (Chrono Boost)  
  107  9:18  Nexus  
  107  9:19  Pylon  
  107  9:20  Stalker  
  107  9:21  Stalker x2  
  113  9:26  Protoss Ground Armor Level 2 (Chrono Boost)  
  113  9:46  Stalker x3  
  91  10:23  Stalker  
  91  10:24  Stalker x2  
  93  10:30  Gateway  
  93  10:31  Gateway  
  93  10:33  Gateway  
  93  10:35  Gateway  
  93  10:37  Pylon  
  93  10:38  Pylon  
  93  10:46  Probe x4  
  93  10:48  Assimilator  
  97  10:51  Stalker x3  
  97  10:52  Assimilator  
  97  10:54  Protoss Ground Weapons Level 3 (Chrono Boost), Disruptor  
  106  10:57  Charge  
  106  11:10  Pylon  
  106  11:15  Protoss Air Weapons Level 1  
  106  11:18  Stalker x3  
  112  11:29  Stalker  
  112  11:30  Stalker x3  
  112  11:31  Observer  
  121  11:50  Stalker x3  
  119  12:23  Stalker x7  
  102  12:53  Stalker x3  
  102  12:54  Stalker x4  
  80  13:22  Stalker x4  
  80  13:23  Stalker x3  
  92  13:28  Protoss Ground Armor Level 3 (Chrono Boost)  
  92  13:30  Disruptor  
  93  13:39  Protoss Shields Level 1 (Chrono Boost)  
  89  13:46  Stalker  
  89  13:47  Stalker x4  
  80  14:06  Disruptor (Chrono Boost)  
  76  14:20  Stalker  
  76  14:21  Stalker  
  76  14:22  Stalker  
  82  14:28  Probe x4  
  86  14:33  Pylon  
  86  14:34  Pylon  
  86  14:40  Probe x3  
  86  14:44  Probe  
  90  14:48  Stalker x3  
  90  14:52  Probe x3  
  99  14:53  Disruptor (Chrono Boost)  
  99  14:56  Probe  
  103  15:03  Gateway  
  103  15:05  Gateway x2  
  103  15:07  Gateway  
  103  15:13  Gateway  
  103  15:15  Gateway, Stalker  
  103  15:16  Stalker x2  
  109  15:25  Disruptor (Chrono Boost)  
  112  15:42  Stalker x3  
  118  15:54  Disruptor  
  120  15:58  Stalker  
  113  16:14  Stalker x6  
  113  16:15  Stalker  
  113  16:16  Stalker  
  115  16:30  Stalker  
Show
View Real Time Build Order
Export as new Build Order

MattBarry Zerg 

Build Orders: Pool First 

Get SALT Encoding   

  12  0:00  Drone  
  13  0:12  Overlord  
  13  0:17  Drone  
  14  0:30  Drone  
  14  0:31  Drone  
  16  0:39  Drone  
  17  0:48  Spawning Pool  
  16  0:50  Extractor  
  16  0:51  Drone  
  16  1:28  Hatchery  
  15  1:37  Zergling x6  
  18  1:43  Queen  
  20  1:53  Zergling x2  
  21  2:19  Drone  
  22  2:39  Metabolic Boost  
  22  2:50  Spine Crawler  
  21  2:52  Queen  
  21  2:53  Queen  
  21  2:56  Drone x3  
  21  2:57  Overlord  
  28  3:19  Zergling x10  
  33  3:20  Zergling x2  
  34  3:41  Overlord  
  34  3:50  Drone x2  
  34  4:20  Zergling x16  
  40  4:34  Drone x4  
  39  5:13  Zergling x16  
  43  5:16  Overlord x2  
  41  5:21  Evolution Chamber  
  41  5:22  Evolution Chamber  
  38  5:50  Drone x9  
  38  5:55  Hatchery  
  42  6:20  Zergling x20  
  49  6:28  Zerg Melee Weapons Level 1  
  49  6:29  Zerg Ground Armor Level 1  
  48  6:35  Lair  
  48  6:37  Drone  
  49  6:44  Drone x3  
  51  7:03  Drone  
  51  7:04  Drone x7  
  59  7:09  Spore Crawler  
  59  7:12  Spore Crawler  
  57  7:15  Extractor  
  57  7:16  Spore Crawler x2, Drone  
  55  7:28  Extractor  
  54  7:30  Extractor  
  54  7:32  Drone x6  
  59  7:39  Hydralisk Den  
  58  7:44  Drone x4  
  58  7:46  Overlord  
  58  7:50  Overlord  
  51  8:14  Drone x9  
  51  8:15  Spire, Drone x3  
  62  8:23  Extractor  
  62  8:24  Extractor  
  62  8:25  Zerg Missile Weapons Level 1  
  60  8:31  Roach Warren  
  60  8:33  Grooved Spines  
  59  8:44  Drone x2  
  59  8:45  Drone  
  62  8:59  Hydralisk x8  
  78  9:03  Overlord  
  78  9:07  Zergling x6  
  81  9:10  Overseer  
  81  9:12  Glial Reconstitution  
  81  9:20  Zerg Melee Weapons Level 2  
  81  9:25  Drone x3  
  81  9:26  Zergling x2, Drone  
  81  9:27  Zergling x8  
  90  9:33  Overlord x2  
  90  9:44  Muscular Augments  
  90  9:48  Overlord  
  90  9:49  Overlord  
  87  10:04  Zergling x18  
  95  10:11  Corruptor x4  
  93  10:15  Hydralisk x4  
  95  10:26  Corruptor x2  
  95  10:40  Corruptor  
  95  10:41  Corruptor  
  99  10:43  Zergling x2  
  99  10:44  Zergling x8  
  104  10:52  Queen  
  106  11:10  Hatchery  
  105  11:13  Drone x3  
  105  11:14  Drone  
  105  11:15  Overlord  
  105  11:16  Overlord x2  
  109  11:23  Overseer  
  109  11:36  Hydralisk  
  109  11:37  Hydralisk x9  
  129  11:46  Infestation Pit  
  128  11:48  Lurker Den  
  128  11:49  Zerg Missile Weapons Level 2  
  127  12:01  Hatchery  
  112  12:19  Corruptor x4  
  88  12:38  Hydralisk x6  
  88  12:39  Zergling x10  
  88  12:40  Zergling x6  
  96  12:49  Zergling x4  
  98  12:55  Zergling x8  
  101  13:10  Hydralisk  
  101  13:11  Hydralisk x5  
  92  13:25  Roach x8  
  98  13:36  Queen  
  100  13:43  Roach  
  100  13:44  Roach x9  
  116  13:58  Zergling x14  
  121  14:03  Queen x3  
  121  14:04  Overlord  
  125  14:22  Queen  
  125  14:29  Drone x3  
  125  14:30  Overlord x4  
  125  14:31  Overlord x2  
  128  14:43  Hive, Overlord  
  128  14:44  Overlord x2  
  126  14:54  Corruptor  
  126  14:55  Corruptor x11  
  131  15:14  Zergling x2  
  131  15:15  Zergling x24  
  132  15:28  Roach x5  
  123  15:40  Roach x6  
  133  15:53  Hydralisk x7  
  141  16:10  Zergling x6  
  125  16:17  Roach x3  
Show
View Real Time Build Order
Export as new Build Order

sergyo Protoss - Winner!

Build Orders: Carriers 

Get SALT Encoding   

  12  0:16  Probe  
  13  0:22  Pylon  
  13  0:28  Probe  
  14  0:30  Pylon  
  14  0:40  Probe  
  15  0:49  Forge  
  15  0:52  Probe (Chrono Boost)  
  15  0:56  Pylon  
  17  1:04  Probe (Chrono Boost)  
  17  1:09  Probe (Chrono Boost)  
  18  1:17  Pylon  
  18  1:21  Assimilator  
  18  1:28  Probe  
  19  1:37  Photon Cannon  
  19  1:43  Photon Cannon  
  19  1:48  Pylon  
  19  1:57  Pylon  
  19  2:03  Probe  
  19  2:15  Probe  
  20  2:17  Pylon  
  20  2:24  Photon Cannon  
  20  2:27  Probe (Chrono Boost)  
  21  2:36  Photon Cannon  
  22  2:37  Probe (Chrono Boost)  
  22  2:42  Probe (Chrono Boost)  
  23  2:46  Photon Cannon  
  23  2:56  Pylon  
  23  3:35  Photon Cannon  
  23  3:39  Photon Cannon  
  23  3:46  Pylon  
  23  3:57  Assimilator  
  23  4:02  Photon Cannon  
  23  4:03  Assimilator  
  23  4:06  Pylon  
  23  4:12  Photon Cannon  
  22  4:33  Gateway  
  22  4:53  Pylon  
  22  4:55  Nexus  
  22  5:00  Pylon  
  22  5:09  Pylon  
  22  5:19  Photon Cannon  
  22  5:23  Photon Cannon  
  22  5:28  Pylon  
  22  5:31  Zealot (Chrono Boost)  
  22  5:33  Cybernetics Core  
  24  5:44  Photon Cannon, Probe (Chrono Boost)  
  25  5:52  Pylon  
  25  5:55  Probe (Chrono Boost)  
  26  5:59  Probe (Chrono Boost)  
  26  6:03  Pylon  
  27  6:10  Probe  
  28  6:16  Stargate  
  28  6:18  Stargate  
  28  6:19  Warp Gate (Chrono Boost)  
  28  6:25  Probe (Chrono Boost)  
  29  6:26  Shield Battery  
  29  6:28  Probe (Chrono Boost)  
  30  6:38  Probe (Chrono Boost)  
  31  6:42  Pylon  
  31  6:43  Probe (Chrono Boost)  
  31  6:44  Assimilator  
  32  6:48  Pylon  
  32  6:49  Assimilator  
  32  6:50  Probe  
  33  6:54  Probe  
  34  7:17  Fleet Beacon  
  34  7:23  Shield Battery, Probe (Chrono Boost)  
  35  7:34  Probe (Chrono Boost)  
  35  7:36  Pylon  
  36  7:38  Probe (Chrono Boost)  
  36  7:43  Pylon  
  37  7:49  Probe  
  38  7:58  Protoss Air Weapons Level 1 (Chrono Boost)  
  38  8:01  Probe  
  39  8:11  Carrier (Chrono Boost)  
  45  8:14  Probe  
  52  8:20  Carrier (Chrono Boost)  
  52  8:26  Pylon, Probe  
  53  8:31  Stargate  
  53  8:38  Probe  
  54  8:51  Nexus  
  54  9:05  Carrier (Chrono Boost)  
  60  9:12  Cybernetics Core  
  60  9:18  Pylon  
  60  9:33  Carrier (Chrono Boost)  
  66  9:52  Twilight Council  
  66  9:55  Protoss Air Weapons Level 2  
  66  10:16  Protoss Air Armor Level 1  
  71  10:30  Carrier x2  
  78  10:49  Mothership (Chrono Boost)  
  78  10:55  Assimilator  
  86  11:00  Assimilator  
  86  11:01  Probe (Chrono Boost)  
  86  11:03  Protoss Shields Level 1  
  87  11:09  Probe (Chrono Boost)  
  88  11:12  Pylon  
  88  11:14  Probe (Chrono Boost)  
  89  11:19  Pylon  
  90  11:26  Probe (Chrono Boost)  
  90  11:30  Pylon  
  90  11:34  Pylon  
  91  11:42  Stargate, Probe (Chrono Boost)  
  91  11:45  Stargate  
  89  11:48  Pylon  
  89  11:49  Pylon, Probe  
  90  12:01  Probe  
  85  12:13  Probe  
  74  12:25  Probe  
  75  12:33  Carrier x3  
  93  12:37  Probe  
  94  12:59  Carrier  
  94  13:11  Probe (Chrono Boost)  
  83  13:21  Stargate x2  
  83  13:22  Probe (Chrono Boost)  
  83  13:24  Protoss Shields Level 2  
  83  13:26  Probe (Chrono Boost)  
  85  13:38  Protoss Air Armor Level 2 (Chrono Boost), Probe  
  85  13:41  Protoss Air Weapons Level 3 (Chrono Boost)  
  86  13:43  Probe  
  87  13:50  Probe (Chrono Boost)  
  87  13:51  Pylon  
  88  14:00  Carrier  
  88  14:02  Probe (Chrono Boost)  
  95  14:05  Carrier  
  95  14:07  Probe (Chrono Boost)  
  102  14:16  Probe  
  103  14:22  Nexus  
  103  14:25  Pylon  
  103  14:32  Pylon  
  103  14:39  Pylon  
  103  14:40  Carrier  
  103  14:44  Carrier  
  115  14:59  Carrier  
  121  15:11  Photon Cannon  
  121  15:15  Photon Cannon  
  121  15:20  Shield Battery  
  121  15:24  Pylon, Shield Battery  
  121  15:29  Photon Cannon  
  121  15:34  Pylon, Probe (Chrono Boost)  
  128  15:42  Carrier  
  128  15:44  Probe (Chrono Boost)  
  128  15:49  Probe (Chrono Boost)  
  129  15:51  Stargate  
  130  16:00  Probe (Chrono Boost)  
  131  16:04  Assimilator  
  131  16:08  Assimilator  
  131  16:10  Probe (Chrono Boost)  
  132  16:15  Probe (Chrono Boost)  
  133  16:23  Pylon  
  133  16:27  Pylon, Probe  
  134  16:39  Probe  
Show
View Real Time Build Order
Export as new Build Order

CheGevara Protoss - Winner!

Build Orders: 1 Gate Expand 

Get SALT Encoding   

  12  0:02  Probe  
  13  0:14  Probe (Chrono Boost)  
  14  0:21  Pylon  
  14  0:26  Probe (Chrono Boost)  
  15  0:38  Probe (Chrono Boost)  
  15  0:40  Gateway  
  16  0:48  Probe  
  17  0:50  Assimilator  
  17  1:00  Probe  
  18  1:12  Probe (Chrono Boost)  
  19  1:22  Probe (Chrono Boost)  
  20  1:27  Probe (Chrono Boost)  
  20  1:30  Cybernetics Core  
  21  1:39  Nexus  
  21  1:40  Probe  
  21  1:46  Pylon  
  22  1:53  Assimilator  
  22  1:54  Probe  
  23  2:05  Pylon  
  23  2:12  Probe  
  24  2:16  Warp Gate  
  24  2:18  Adept (Chrono Boost)  
  26  2:24  Probe  
  27  2:36  Probe  
  28  2:42  Gateway  
  28  2:44  Adept  
  30  2:50  Probe (Chrono Boost)  
  31  2:52  Shield Battery  
  31  2:54  Probe (Chrono Boost)  
  32  3:04  Probe (Chrono Boost)  
  32  3:05  Robotics Facility, Probe (Chrono Boost)  
  34  3:11  Pylon  
  34  3:13  Probe  
  34  3:15  Probe  
  36  3:25  Probe  
  37  3:27  Probe (Chrono Boost)  
  37  3:32  Pylon  
  38  3:39  Probe (Chrono Boost)  
  40  3:43  Probe (Chrono Boost)  
  41  3:48  Probe (Chrono Boost)  
  41  3:51  Twilight Council, Probe (Chrono Boost)  
  41  3:54  Probe  
  42  3:56  Assimilator  
  42  3:58  Immortal (Chrono Boost)  
  42  4:01  Probe  
  48  4:06  Probe  
  48  4:08  Adept  
  51  4:11  Adept  
  49  4:30  Zealot  
  47  4:37  Zealot  
  47  4:49  Probe  
  47  4:50  Probe  
  49  4:56  Adept  
  51  5:02  Probe  
  52  5:08  Stalker  
  48  5:15  Immortal  
  52  5:23  Probe  
  52  5:24  Probe  
  47  5:28  Charge (Chrono Boost)  
  52  5:35  Probe  
  52  5:38  Pylon, Stalker  
  52  5:40  Pylon  
  55  5:42  Stalker  
  55  5:43  Pylon  
  55  5:46  Pylon, Assimilator  
  57  5:54  Immortal, Nexus  
  57  5:55  Pylon  
  57  5:56  Pylon  
  61  6:10  Stalker x2  
  65  6:16  Gateway  
  65  6:19  Gateway  
  65  6:22  Gateway  
  65  6:33  Immortal (Chrono Boost)  
  69  6:41  Robotics Bay  
  69  6:43  Robotics Facility  
  69  6:45  Gateway  
  69  6:48  Forge  
  69  6:55  Forge  
  69  6:57  Pylon  
  69  6:58  Shield Battery  
  69  7:01  Blink (Chrono Boost)  
  69  7:04  Pylon  
  69  7:07  Gateway  
  69  7:08  Probe x2  
  70  7:14  Probe  
  72  7:17  Pylon  
  72  7:20  Probe x2  
  72  7:21  Assimilator  
  74  7:25  Assimilator  
  74  7:26  Probe  
  75  7:30  Zealot  
  75  7:32  Sentry x2, Probe  
  75  7:34  Probe  
  75  7:36  Protoss Ground Weapons Level 1 (Chrono Boost)  
  83  7:38  Protoss Ground Armor Level 1 (Chrono Boost)  
  83  7:39  Probe  
  84  7:48  Photon Cannon  
  84  7:50  Extended Thermal Lance  
  84  8:11  Stalker x2  
  84  8:12  Stalker x4  
  94  8:13  Stalker  
  94  8:14  Probe  
  94  8:19  Probe x2  
  101  8:27  Probe  
  102  8:31  Probe  
  102  8:33  Photon Cannon  
  103  8:35  Colossus (Chrono Boost)  
  103  8:36  Shield Battery  
  109  8:43  Colossus (Chrono Boost)  
  115  8:55  Photon Cannon  
  115  8:59  Shield Battery  
  115  9:02  Pylon  
  115  9:05  Pylon  
  115  9:12  Nexus  
  115  9:15  Assimilator  
  115  9:20  Assimilator  
  115  9:24  Templar Archives  
  115  9:26  Photon Cannon  
  115  9:31  Photon Cannon  
  115  9:35  Probe x2  
  115  9:36  Photon Cannon  
  117  9:39  Protoss Ground Weapons Level 2 (Chrono Boost), Protoss Shields Level 1 (Chrono Boost)  
  117  9:48  Gravitic Boosters  
  117  9:49  Observer  
  100  10:02  Probe x2  
  100  10:03  Probe  
  100  10:05  High Templar x4  
  100  10:06  High Templar  
  99  10:14  Archon x2, Probe  
  88  10:23  Zealot x2  
  92  10:29  Probe x2  
  92  10:30  Probe x2  
  92  10:33  Gateway  
  92  10:34  Gateway  
  96  10:37  Gateway  
  96  10:40  Gateway  
  96  10:41  Gateway, Probe  
  96  10:42  Probe x2  
  99  10:43  High Templar x2  
  99  10:44  High Templar  
  99  10:45  High Templar  
  99  10:48  Zealot x3  
  113  10:55  Probe (Chrono Boost)  
  115  10:57  Pylon  
  115  10:59  Pylon, Probe (Chrono Boost)  
  115  11:03  Pylon, Probe (Chrono Boost)  
  115  11:04  Probe (Chrono Boost)  
  117  11:07  Probe (Chrono Boost)  
  118  11:13  Archon x2  
  118  11:17  Stalker x2  
  118  11:18  Stalker x4  
  128  11:20  Stalker  
  132  11:26  Protoss Ground Armor Level 2 (Chrono Boost)  
  132  11:35  Nexus  
  132  11:37  Pylon, Colossus  
  132  11:39  Pylon  
  138  11:45  Zealot x3  
  138  11:46  Zealot  
  146  11:47  High Templar  
  146  11:48  High Templar  
  146  11:50  High Templar  
  146  11:53  High Templar  
  154  11:54  Archon  
  154  12:07  Shield Battery x3  
  154  12:12  Photon Cannon  
  154  12:14  Photon Cannon  
  143  12:38  Zealot x3  
  143  12:39  Zealot x5  
  143  12:40  Zealot x4  
  143  12:42  Immortal x2  
  148  12:59  High Templar x5  
  148  13:00  High Templar x3  
  148  13:04  Gateway x2  
  148  13:05  Probe x3  
  152  13:06  Gateway  
  152  13:07  Probe x2  
  152  13:10  Archon  
  152  13:11  Archon x3  
  145  13:13  Archon  
  145  13:17  Probe x2  
  145  13:18  Probe  
  132  13:28  Stalker x3  
  132  13:29  Stalker  
  130  13:47  Protoss Ground Weapons Level 3 (Chrono Boost)  
  126  13:48  Protoss Shields Level 2 (Chrono Boost)  
  124  14:01  Immortal  
  124  14:02  Immortal  
  124  14:04  Zealot  
  124  14:05  Zealot x5  
  124  14:06  Zealot x5  
  124  14:07  Zealot x4  
  128  14:28  Gateway  
  128  14:29  Assimilator  
  128  14:30  Gateway x2  
  128  14:34  Gateway, Assimilator  
  128  14:38  High Templar x5  
  132  14:39  High Templar x4  
  132  14:42  Zealot x3  
  132  14:44  Archon x2  
  132  14:45  Archon  
  152  14:48  Nexus  
  151  14:54  Probe (Chrono Boost)  
  151  14:55  Probe x2 (Chrono Boost)  
  144  15:09  Stalker x5  
  144  15:10  Stalker x2  
  144  15:11  Stalker x2  
  144  15:12  Stalker x2  
  144  15:13  Stalker x2  
  164  15:31  Stalker x6  
  164  15:32  Stalker  
  164  15:33  Stalker  
  180  15:38  Immortal  
  182  15:46  Zealot x3  
  182  15:47  Zealot x2  
  162  16:17  Zealot x5  
  162  16:18  Zealot x5  
  168  16:19  Zealot x4  
  168  16:20  Zealot x2  
Tags
 
Add a new tag
Caveats
  • Supply blocks, unpowered buildings, or Contaminate may cause inaccurate times.
  • Supply counts are checked every 10 seconds.